 Dungeon Crawl Stone Soup version 0.16.1-30-g34a7ffa (webtiles) character file.

6613 joy the Thaumaturge (level 10, -2/44 HPs)
             Began as a Spriggan Enchanter on June 20, 2015.
             Was a Believer of Kikubaaqudgha.
             Slain by a sixfirhy (8 damage)
             ... summoned by a kobold demonologist
             ... on level 10 of the Dungeon.
             The game lasted 00:26:08 (11888 turns).

joy the Thaumaturge (Spriggan Enchanter)           Turns: 11888, Time: 00:26:09

Health: -2/44      AC:  8    Str:  4    XL:     10   Next: 72%
Magic:  28/31      EV: 22    Int: 23    God:    Kikubaaqudgha [**....]
Gold:   557        SH:  0    Dex: 17    Spells: 3 memorised, 24 levels left

rFire  + . .     SeeInvis +     a - +2 dagger (protect)
rCold  . . .     Clarity  .     u - +1 robe {MR+}
rNeg   . . .     SustAb   .     (shield restricted)
rPois  .         Gourm    .     (helmet restricted)
rElec  .         Spirit   .     (no cloak)
rCorr  .         Warding  .     (gloves unavailable)
rMut   .         Stasis   .     (boots unavailable)
MR     ++...                    (no amulet)
Stlth  +++++.....               C - ring of protection from fire
                                k - +3 ring of intelligence

@: very quick, very resistant to hostile enchantments, quite stealthy
A: unfitting armour, see invisible, herbivore 3, speed 3, slow metabolism 2
a: Receive Corpses, Renounce Religion


You were on level 10 of the Dungeon.
You worshipped Kikubaaqudgha.
Kikubaaqudgha was pleased with you.
You were not hungry.

You visited 2 branches of the dungeon, and saw 11 of its levels.
You also visited: Sewer.

You collected 557 gold pieces.

Inventory:

Hand weapons
 a - a +2 dagger of protection (weapon)
 b - a +0 short sword of venom
Missiles
 d - 31 poisoned needles
 q - 2 throwing nets (quivered)
 D - 2 curare-tipped needles
Armour
 u - a +1 robe of magic resistance (worn)
Magical staves
 K - an uncursed staff of power
Jewellery
 j - an uncursed amulet of stasis
 k - a +3 ring of intelligence (left hand)
 B - an uncursed amulet of regeneration
 C - a ring of protection from fire (right hand)
Scrolls
 e - 4 scrolls of enchant armour
 g - 13 scrolls of identify
 h - 6 scrolls of teleportation
 m - 6 scrolls of enchant weapon {unknown}
 p - 3 scrolls of fear {unknown}
 r - 3 scrolls of remove curse {unknown}
 w - a scroll of noise {unknown}
 x - 4 scrolls of random uselessness {unknown}
 y - a scroll of immolation {unknown}
 z - 3 scrolls of recharging {unknown}
 F - 3 scrolls of magic mapping {unknown}
 I - a scroll of blinking {unknown}
 N - a scroll of amnesia {unknown}
Potions
 f - 2 potions of magic {unknown}
 i - 4 potions of brilliance {unknown}
 l - a potion of restore abilities {unknown}
 n - 10 potions of heal wounds {unknown}
 o - 2 potions of might {unknown}
 s - a potion of berserk rage {unknown}
 t - a potion of curing {unknown}
 v - 2 potions of haste {unknown}
 G - a potion of ambrosia {unknown}
 L - a potion of mutation {unknown}
 M - 2 potions of lignification {unknown}
Books
 c - a book of Maledictions

   Spells                             Type                      Level
   a - Corona                         Hexes                        1
   b - Sure Blade                     Hexes/Charms                 2
   c - Ensorcelled Hibernation        Hexes/Ice                    2
   d - Confuse                        Hexes                        3
   e - Dazzling Spray                 Conjuration/Hexes            3
   f - Enslavement                    Hexes                        4
 A - a book of Clouds

   Spells                             Type                      Level
   a - Mephitic Cloud                 Conjuration/Poison/Air       3
   b - Conjure Flame                  Conjuration/Fire             3
   c - Poisonous Cloud                Conjuration/Poison/Air       6
   d - Freezing Cloud                 Conjuration/Ice/Air          6
   e - Ring of Flames                 Charms/Fire                  7
 E - Kikubaaqudgha's Compendium of Stolen Souls
   (Kikubaaqudgha gifted it to you on level 8 of the Dungeon)

   Spells                             Type                      Level
   a - Animate Skeleton               Necromancy                   1
   b - Corpse Rot                     Necromancy                   2
   c - Sublimation of Blood           Necromancy                   2
   d - Regeneration                   Charms/Necromancy            3
   e - Control Undead                 Necromancy                   4
Comestibles
 H - 5 bread rations
 J - a slice of pizza


   Skills:
 - Level 5.0 Short Blades
 + Level 6.8 Dodging
 - Level 10.0 Stealth
 - Level 10.6 Spellcasting
 - Level 10.6 Hexes
 - Level 5.1 Necromancy
 - Level 3.0 Ice Magic


You had 24 spell levels left.
You knew the following spells:

 Your Spells              Type           Power        Failure   Level  Hunger
a - Corona                Hex            ######.      1%          1    None
b - Ensorcelled Hibernat  Hex/Ice        #####.       1%          2    None
c - Confuse               Hex            ######..     1%          3    None


Dungeon Overview and Level Annotations

Branches:
Dungeon (10/15)            Temple (1/1) D:6
   Lair: D:8-11         Orc: D:9-12

Altars:
Cheibriados
Dithmenos
Elyvilon
Gozag
Kikubaaqudgha
Nemelex Xobeh
Okawaru
Ru
Sif Muna
Trog
Yredelemnul
The Shining One


Innate Abilities, Weirdness & Mutations

You are tiny and cannot use many weapons and most armour.
You have supernaturally acute eyesight.
You are a herbivore.
You cover ground extremely quickly.
You need consume almost no food.


Message History

The kobold demonologist gestures wildly while chanting.
Casting: Ensorcelled Hibernation
Confirm with . or Enter, or press ? or * to list all spells.
Aiming: Ensorcelled Hibernation
Press: ? - help, Shift-Dir - straight line, f/p - kobold demonologist
Aim: a kobold demonologist, wielding a dagger, wearing a robe and wearing a buckler (chance 51%)
The sixfirhy easily resists.
The sixfirhy barely misses you. The sixfirhy barely misses you.
The sixfirhy completely misses you.
The kobold demonologist's eyes start to glow.
The sixfirhy barely misses you. The sixfirhy hits you! The sixfirhy shocks you!
The kobold demonologist casts a spell.
Found a stone staircase leading down.
The sixfirhy hits you! The sixfirhy shocks you!
* * * LOW HITPOINT WARNING * * *
The sixfirhy hits you.
* * * LOW HITPOINT WARNING * * *
The sixfirhy shocks you!
You die...
Kikubaaqudgha rasps: "You have failed me!
Welcome... death!"

...........##..#.###
...............4...#
...........)##.#K#.#
.....#......##K#.#.# ###
######.#######.#.#.# #.#
###.### #.#.#.#.. #.#
#.....# #.#.#.#.%# #.#
#..O..#####.#4#.#..#
#.#####
#..C..#......@#.#..#
#......
#..<..#.......#.#..#
#.#.###
#.....#.......#.#..#
#.#.###
#.....#.......#.#..#
#.#....
#.....#.......#.#..#
#.#####
#######.......#.#|.#####.#
### ......#.#........# #..
....>#.#.##########.#
#.#.#.<#..........


You could see a rust devil, a kobold demonologist and a sixfirhy.

Vanquished Creatures
  Erolcha (D:8)
  Pikel (D:8)
  Prince Ribbit (D:8)
  A spriggan (D:9)
  A wyvern (D:8)
  A deep elf mage (D:9)
  A hungry ghost (D:4)
  3 hippogriffs
  The ghost of Scuka the Cudgeler, an average GrFi (D:3)
  A sky beast (D:7)
  2 slaves (D:8)
  2 wasps
  2 black bears
  6 ogres
  An orc warrior (D:8)
  6 ice beasts
  A necrophage (D:9)
  4 centaurs
  A crocodile (D:10)
  3 giant frogs
  A big kobold (Sewer)
  A water moccasin zombie (D:7)
  A gnoll sergeant (D:8)
  5 killer bees (D:9)
  A centaur zombie (D:6)
  A goliath beetle (D:9)
  2 quasits
  6 crimson imps
  7 hounds
  3 orc priests (D:8)
  A jelly (D:9)
  An iguana (D:5)
  3 centaur skeletons
  8 worker ants
  6 orc wizards
  A gnoll shaman (D:5)
  A hound zombie (D:6)
  11 gnolls
  9 adders
  A river rat (D:3)
  3 shadow imps
  A giant mite (Sewer)
  2 worms
  2 adder skeletons
  2 giant geckos
  4 oozes
  17 orcs
  4 ball pythons
  8 bats
  2 bat skeletons
  8 goblins
  10 hobgoblins
  7 jackals
  4 giant cockroaches
  A giant gecko skeleton (D:4)
  8 giant newts
  28 kobolds
  2 quokkas
  16 rats
  A spectral orc (D:3)
  6 ballistomycetes (D:8)
246 creatures vanquished.

Vanquished Creatures (others)
  A giant spore (D:8)
  A quokka zombie (D:8)
2 creatures vanquished.

Grand Total: 248 creatures vanquished

Notes
Turn   | Place    | Note
--------------------------------------------------------------
     0 | D:1      | joy, the Spriggan Enchanter, began the quest for the Orb.
     0 | D:1      | Reached XP level 1. HP: 9/9 MP: 4/4
   487 | D:1      | Reached skill level 5 in Stealth
   487 | D:1      | Reached XP level 2. HP: 13/13 MP: 7/7
   555 | D:1      | Learned a level 2 spell: Ensorcelled Hibernation
  1182 | D:2      | Found a deep blue altar of Sif Muna.
  1285 | D:2      | Reached XP level 3. HP: 16/16 MP: 9/9
  2171 | D:2      | Reached skill level 6 in Stealth
  2500 | D:3      | Noticed Scuka's ghost (average GrFi)
  2761 | D:3      | Reached XP level 4. HP: 21/21 MP: 12/12
  2890 | D:3      | Found a basalt altar of Yredelemnul.
  2975 | D:3      | Found a glowing drain.
  3039 | Sewer    | Entered a sewer
  3449 | Sewer    | Noticed a big kobold
  3462 | Sewer    | Killed a big kobold
  3462 | Sewer    | Reached skill level 7 in Stealth
  3462 | Sewer    | Reached XP level 5. HP: 13/24 MP: 14/14
  4010 | D:3      | Learned a level 3 spell: Confuse
  4054 | D:3      | Killed Scuka's ghost
  4054 | D:3      | Reached skill level 8 in Stealth
  4054 | D:3      | Reached XP level 6. HP: 9/28 MP: 12/17
  4374 | D:4      | Reached skill level 5 in Short Blades
  4442 | D:4      | Found a bloodstained altar of Trog.
  4443 | D:4      | Found an iron altar of Okawaru.
  4787 | D:4      | Noticed a hungry ghost
  4806 | D:4      | Killed a hungry ghost
  4806 | D:4      | Reached skill level 10 in Stealth
  4806 | D:4      | Reached XP level 7. HP: 26/32 MP: 19/19
  5652 | D:4      | Found an opulent altar of Gozag.
  5713 | D:5      | Entered Level 5 of the Dungeon
  6166 | D:5      | Reached skill level 5 in Spellcasting
  6744 | D:5      | Reached skill level 5 in Hexes
  6760 | D:5      | Reached XP level 8. HP: 19/36 MP: 10/25
  7379 | D:6      | Reached skill level 1 in Ice Magic
  7611 | D:6      | Found a staircase to the Ecumenical Temple.
  7620 | Temple   | Entered the Ecumenical Temple
  7634 | Temple   | Became a worshipper of Kikubaaqudgha
  8440 | D:7      | Reached XP level 9. HP: 39/39 MP: 26/29
  8724 | D:7      | Found a snail-covered altar of Cheibriados.
  9017 | D:8      | Found a glowing golden altar of the Shining One.
  9083 | D:8      | Acquired Kikubaaqudgha's first power
  9083 | D:8      | Received a gift from Kikubaaqudgha
  9089 | D:8      | Identified Kikubaaqudgha's Compendium of Stolen Souls (Kikubaaqudgha gifted it to you on level 8 of the Dungeon)
  9136 | D:8      | Noticed Pikel
  9147 | D:8      | Killed Pikel
  9147 | D:8      | Reached skill level 10 in Spellcasting
  9414 | D:8      | Noticed a centaur skeleton
  9453 | D:8      | Killed a centaur skeleton
  9482 | D:8      | Noticed Erolcha
  9489 | D:8      | Reached skill level 10 in Hexes
  9509 | D:8      | Killed Erolcha
  9509 | D:8      | Reached XP level 10. HP: 16/44 MP: 29/31
  9838 | D:8      | Reached skill level 1 in Necromancy
 10330 | D:8      | Noticed Prince Ribbit
 10351 | D:8      | Killed Prince Ribbit
 10478 | D:8      | Acquired Kikubaaqudgha's second power
 11047 | D:9      | Reached skill level 5 in Necromancy
 11417 | D:9      | Reached skill level 5 in Dodging
 11555 | D:10     | Entered Level 10 of the Dungeon
 11596 | D:10     | Noticed a hill giant
 11881 | D:10     | Noticed a sixfirhy
 11888 | D:10     | Noticed a rust devil
 11888 | D:10     | Slain by a sixfirhy

Action                   |  1- 3 |  4- 6 |  7- 9 | 10-12 || total
-------------------------+-------+-------+-------+-------++-------
Melee: Dagger            |    89 |    16 |       |     2 ||   107
       Short sword       |    37 |   115 |   356 |   121 ||   629
Throw: Throwing net      |     1 |       |       |       ||     1
 Cast: Corona            |     3 |       |    10 |       ||    13
       Ensorcelled Hiber |     2 |     3 |    68 |    38 ||   111
       Confuse           |       |     2 |    16 |     6 ||    24
  Use: Scroll            |     2 |       |       |       ||     2
 Stab: Sleeping          |    14 |    15 |    60 |    31 ||   120
       Held in net/web   |     1 |       |       |       ||     1
       Confused          |       |     2 |    14 |     5 ||    21
       Distracted        |       |       |       |     1 ||     1
  Eat: Bread ration      |       |     1 |     1 |       ||     2
       Pizza             |       |       |       |     1 ||     1
